 Dungeon Crawl Stone Soup version 0.24.0-123-gd5b16e6ec5 (webtiles) character file.

Game seed: 3616996209138990081, levelgen mode: deterministic

179 Legadrian the Insei (level 5, 0/37 HPs)
             Began as a Human Transmuter on Feb 11, 2020.
             Succumbed to Ijyb's poison
             ... on level 3 of the Dungeon.
             The game lasted 00:16:38 (4228 turns).

Legadrian the Insei (Human Transmuter)              Turns: 4228, Time: 00:16:39

Health: 0/37       AC:  4    Str: 11    XL:     5   Next: 90%
Magic:  2/9        EV: 12    Int: 14    God:
Gold:   117        SH:  0    Dex: 13    Spells: 4/10 levels left

rFire    + . .     SeeInvis .   e - +2 mace (holy)
rCold    x . .     Gourm    .   (no shield)
rNeg     . . .     Faith    .   b - +0 robe
rPois    .         Spirit   +   (no helmet)
rElec    .         Reflect  .   (no cloak)
rCorr    .         Harm     .   (no gloves)
MR       .....                  (no boots)
Stlth    ++........             h - amulet of guardian spirit
HPRegen  0.12/turn              i - ring of fire
MPRegen  0.11/turn              g - ring of stealth

@: lethally poisoned (0 -> -40)
A: talons 2, iridescent scales 1
a: no special abilities


You were on level 3 of the Dungeon.
You were not hungry.

You visited 1 branch of the dungeon, and saw 3 of its levels.

You collected 117 gold pieces.

Inventory:

Hand Weapons
 e - a +2 mace of holy wrath (weapon)
Missiles
 a - 37 arrows
 k - 14 bolts
 m - 7 poisoned darts (quivered)
Armour
 b - a +0 robe (worn)
 f - a +0 pair of boots
Jewellery
 g - a ring of stealth (right hand)
 h - an amulet of guardian spirit (around neck)
 i - a ring of fire (left hand)
Scrolls
 j - 3 scrolls of fog
 l - 2 scrolls of identify
Comestibles
 c - a chunk of flesh
 d - 3 rations


   Skills:
 - Level 1.0 Fighting
 - Level 2.0 Dodging
 - Level 5.0 Unarmed Combat
 + Level 3.0 Spellcasting
 + Level 3.0 Transmutations


You had 4 spell levels left.
You knew the following spells:

 Your Spells              Type           Power        Failure   Level  Hunger
a - Beastly Appendage     Tmut           ##....       6%          1    #......
b - Sticks to Snakes      Tmut           ##......     10%         2    ##.....
c - Spider Form           Tmut/Pois      #.........   34%         3    ###....

Your spell library contained the following spells:

 Spells                   Type           Power        Failure   Level  Hunger
 Confusing Touch          Hex            #.....       22%         1    #......
 Confuse                  Hex            #.......     54%         3    ###....
 Gell's Gravitas          Tloc           #.........   54%         3    ###....
 Ice Form                 Ice/Tmut       #.......     75%         4    #####..
 Petrify                  Tmut/Erth      #.......     75%         4    #####..
 Blade Hands              Tmut           ##........   86%         5    ######.
 Yara's Violent Unravell  Hex/Tmut       #.........   97%         5    ######.
 Metabolic Englaciation   Hex/Ice        #.........   99%         5    ######.


Dungeon Overview and Level Annotations

Branches:
Dungeon (3/15)

Altars:


Innate Abilities, Weirdness & Mutations

You have razor-sharp toenails.
You are partially covered in iridescent scales. (AC +2)


Message History

Ijyb is almost dead.
Your horns disappear.
* * * LOW HITPOINT WARNING * * *
You feel very sick. Ijyb closely misses you.
Ijyb zaps a wand.
The puff of flame hits you. You resist.
* * * LOW HITPOINT WARNING * * *
You hit Ijyb but do no damage. You claw Ijyb.
Ijyb is almost dead.
* * * LOW HITPOINT WARNING * * *
You feel very sick.
Ijyb hits you with a +1 dagger of venom.
You are more poisoned.
Ijyb hits you but does no damage.
You are more poisoned.
You hit Ijyb.
You kill Ijyb!
Your Spellcasting skill increases to level 3!
Your Transmutations skill increases to level 3!
You die...

### #.# .## #.# ..###.# ...##.#
....#.###### ...........# #
.........#.####### ##
...#<............# ##.
.........#.#####@# *** ##..
...#....##.#***#)#**** #.* #...
##.##.####.#*,,...,,,***##.*##...
#.........#*,##.##*,*#....*#...#
####.######*,*#.# *,*#....##...#
##)## *,*#.#**,*#..#.#...##
##...## *,*#..,,,*#..#.#...#
##.....##***,,...,,,*#..#.#...#
##.......##,,,,,,,,,**#..##.#..#


There were no monsters in sight!

Vanquished Creatures
  Ijyb (D:3)
  5 adders
  A gnoll (D:3)
  2 worms
  A dart slug (D:2)
  5 orcs (D:3)
  A ball python (D:3)
  7 bats
  2 giant cockroaches
  10 hobgoblins
  2 jackals (D:2)
  7 kobolds
  A quokka (D:2)
  5 frilled lizards
  8 goblins
  5 rats
63 creatures vanquished.

Vanquished Creatures (collateral kills)
  An adder (D:2)
  2 gnolls (D:3)
  5 orcs (D:3)
8 creatures vanquished.

Grand Total: 71 creatures vanquished

Notes
Turn   | Place    | Note
-------+----------+-------------------------------------------
     0 | D:1      | Legadrian the Human Transmuter began the quest for the Orb.
     0 | D:1      | Reached XP level 1. HP: 15/15 MP: 3/3
   522 | D:1      | Reached XP level 2. HP: 21/21 MP: 5/5
  1135 | D:2      | Reached skill level 4 in Unarmed Combat
  1135 | D:2      | Reached XP level 3. HP: 23/26 MP: 4/6
  1202 | D:2      | Learned a level 2 spell: Sticks to Snakes
  1206 | D:2      | Learned a level 3 spell: Spider Form
  1763 | D:2      | Reached XP level 4. HP: 24/32 MP: 3/7
  2522 | D:2      | Reached skill level 5 in Unarmed Combat
  2889 | D:3      | Reached XP level 5. HP: 23/37 MP: 6/8
  4012 | D:3      | Gained mutation: You have sharp toenails. [potion of
                  | mutation]
  4012 | D:3      | Gained mutation: You have razor-sharp toenails. [potion of
                  | mutation]
  4012 | D:3      | Gained mutation: You are partially covered in iridescent
                  | scales. (AC +2) [potion of mutation]
  4215 | D:3      | Noticed Ijyb
  4228 | D:3      | Killed Ijyb
  4228 | D:3      | Succumbed to Ijyb's poison

Levels and vault maps discovered:
D:1:      roderic_crossed_star, layout_basic
D:2:      layout_loops_cross
D:3:      layout_loops_corners, first_ration, eino_curves_01, uniq_ijyb

Skill      XL: |  1  2  3  4  5 |
---------------+----------------+-----
Unarmed Combat | 4 5 |  5.0
Spellcasting   | 3 |  3.0
Transmutations | 3 |  3.0
Fighting       | |  1.0
Dodging        | |  2.0

Action                   |  1- 3 |  4- 6 || total
-------------------------+-------+-------++-------
Melee: Unarmed           |   112 |    73 ||   185
       Headbutt          |     7 |     4 ||    11
       Kick              |     7 |    11 ||    18
       Punch             |     2 |     1 ||     3
       Mace              |       |    53 ||    53
 Cast: Beastly Appendage |    17 |    20 ||    37
       Sticks to Snakes  |     1 |     9 ||    10
  Use: Scroll            |     2 |     5 ||     7
       Potion            |       |     4 ||     4
 Stab: Sleeping          |       |     4 ||     4
  Eat: Chunk             |     3 |     9 ||    12
Armor: Robe              |    13 |    13 ||    26
Dodge: Dodged            |    75 |    79 ||   154
